 Dungeon Crawl Stone Soup version 0.29.0-4-gdea44cf6ec (webtiles) character file.

Game seed: 8900859535022514661

17 thebattery the Slasher (level 2, -2/27 HPs)
             Began as a Minotaur Berserker on Aug 26, 2022.
             Was a Follower of Trog.
             Slain by a frilled lizard (3 damage)
             ... on level 1 of the Dungeon.
             The game lasted 00:01:56 (673 turns).

thebattery the Slasher (Minotaur Berserker)          Turns: 673, Time: 00:01:56

Health: -2/27      AC:  2    Str: 21    XL:     2   Next: 44%
Magic:  1/1        EV: 12    Int:  4    God:    Trog [*.....]
Gold:   4          SH:  0    Dex:  9    Spells: 1/1 levels left

rFire   . . .      SeeInvis .   a - +0 falchion
rCold   . . .      Faith    .   (no shield)
rNeg    . . .      Spirit   .   b - +0 animal skin
rPois   .          Reflect  .   (helmet restricted)
rElec   .          Harm     .   (no cloak)
rCorr   .          Rampage  .   (no gloves)
Will    .....                   (no boots)
Stlth   +.........              (no amulet)
HPRegen 0.09/turn               (no ring)
MPRegen 0.07/turn               (no ring)

@: no status effects
A: horns 2, retaliatory headbutt
a: Renounce Religion, Berserk


You were on level 1 of the Dungeon.
You worshipped Trog.
Trog was aware of your devotion.
You visited 1 branch of the dungeon, and saw 1 of its levels.

You collected 4 gold pieces.

Inventory:

Hand Weapons
 a - a +0 falchion (weapon)
Armour
 b - a +0 animal skin (worn)
Scrolls
 d - a scroll of vulnerability {unknown}
Potions
 c - a potion of lignification {unknown}
 e - a potion of brilliance {unknown}
 f - a potion of mutation {unknown}


   Skills:
 + Level 4.1 Fighting
 + Level 4.1 Long Blades
 + Level 2.5 Armour
 + Level 2.3 Dodging


You had one spell level left.
You didn't know any spells.
Your spell library contained the following spells:

 Spells                   Type           Power      Damage    Failure   Level
 Ensorcelled Hibernation  Hex/Ice        0%         N/A       65%         2
 Passwall                 Tmut/Erth      0%         N/A       65%         2
 Swiftness                Air            0%         N/A       86%         3


Dungeon Overview and Level Annotations

Branches:
Dungeon (1/15)

Altars:


Innate Abilities, Weirdness & Mutations

You have a pair of horns on your head.
You reflexively headbutt those who attack you in melee.


Message History

A goblin comes into view. It is wielding a +0 club.
The goblin hits you with a +0 dagger. The ball python barely misses you.
The ball python completely misses you.
You closely miss the goblin. The ball python barely misses you.
The ball python grabs you. The ball python constricts you.
The goblin barely misses you. The ball python barely misses you.
The ball python bites you. The ball python constricts you.
You barely miss the ball python. You headbutt the ball python.
You kill the ball python!
Trog accepts your kill. The goblin hits you but does no damage.
The ball python closely misses you. The ball python grabs you.
The ball python constricts you.
You escape the ball python's grasp.
The frilled lizard closely misses you. The goblin hits you with a +0 dagger.
The ball python bites you. The ball python grabs you.
The ball python constricts you.
You see here a ball python corpse.
You hit the ball python.
You kill the ball python!
Trog accepts your kill. The goblin closely misses you. You furiously retaliate!
You headbutt the goblin, but do no damage.
The frilled lizard bites you. The frilled lizard bites you.
The goblin hits you but does no damage. The goblin barely misses you.
You see here a ball python corpse.
You hit the goblin.
You kill the goblin!
Trog accepts your kill. The frilled lizard bites you.
The goblin hits you with a +0 club.
* * * LOW HITPOINT WARNING * * *
The goblin misses you. The frilled lizard bites you.
* * * LOW HITPOINT WARNING * * *
You miss the frilled lizard.
Your headbutt misses the frilled lizard.
The frilled lizard bites you.
* * * LOW HITPOINT WARNING * * *
The goblin hits you with a +0 club.
* * * LOW HITPOINT WARNING * * *
The frilled lizard bites you.
You die...

##...#### #..................#
#....†.# #.#####.....#####..#
#...##.######.#...#.....#...#..#
######........#.⌠.#.....#.⌠.#..#
########.#...#.....#...#..#
#.#####.....########
#†.###.........###
##..##.#######.# #.@## #)†l#
#...g..# #......# #......#
#####... .#.. ###.. ...


You could see a goblin and a frilled lizard.

Vanquished Creatures
  3 ball pythons (D:1)
  4 bats (D:1)
  3 goblins (D:1)
  A hobgoblin (D:1)
  A kobold (D:1)
  2 frilled lizards (D:1)
  3 rats (D:1)
17 creatures vanquished.

Notes
Turn   | Place    | Note
-------+----------+-------------------------------------------
     0 | D:1      | thebattery the Minotaur Berserker began the quest for the
                  | Orb.
     0 | D:1      | Reached XP level 1. HP: 19/19 MP: 0/0
    52 | D:1      | Found a faded altar of an unknown god.
   248 | D:1      | Reached XP level 2. HP: 17/27 MP: 1/1
   672 | D:1      | HP: 1/27 [goblin/+0 club (1)]
   673 | D:1      | Slain by a frilled lizard

Illustrated notes

Levels and vault maps discovered:
D:1:      minmay_arrival_glassed_features, layout_basic,
          hellmonk_ecumenical_altar_heavens_door

Skill      XL: |  1  2 |
---------------+-------+-----
Fighting       | 4 |  4.1
Long Blades    | 4 |  4.1
Armour         | |  2.5
Dodging        | |  2.3

Action                   || total
-------------------------++-------
Melee: Falchion          ||    40
       Headbutt          ||     5
Armor: Animal skin       ||    14
Dodge: Dodged            ||    56
